 Dungeon Crawl Stone Soup version 0.29-a0-409-gd843f3a48c (webtiles) character file.

Game seed: 13391644912430747257

68 holysushi the Insei (level 4, -6/33 HPs)
             Began as a Djinni Transmuter on May 14, 2022.
             Mangled by a gnoll
             ... wielding a +0 halberd
              (14 damage)
             ... on level 4 of the Dungeon.
             The game lasted 00:04:52 (2516 turns).

holysushi the Insei (Djinni Transmuter)             Turns: 2516, Time: 00:04:53

Health: -6/33      AC:  2    Str:  9    XL:     4   Next: 41%
Gold:   129        EV: 13    Int: 23    God:
                   SH:  0    Dex: 19

rFire   + + .      SeeInvis .     - Unarmed
rCold   x . .      Faith    .   (no shield)
rNeg    . . .      Spirit   .   a - +0 robe
rPois   ∞          Reflect  .   (no helmet)
rElec   .          Harm     .   (no cloak)
rCorr   .          Rampage  .   (no gloves)
Will    .....                   (boots unavailable)
Stlth   ++........              (no amulet)
HPRegen 0.11/turn               c - +6 ring of intelligence
MPRegen 0.00/turn               l - +6 ring of dexterity

@: flying
A: sickness immunity, fire resistance 2, cold vulnerability 1, float, innate
caster, HP casting, extra vitality 1
a: no special abilities


You were on level 4 of the Dungeon.
You visited 1 branch of the dungeon, and saw 4 of its levels.

You collected 129 gold pieces.

Inventory:

Armour
 a - a +0 robe (worn)
Jewellery
 c - a +6 ring of intelligence (left hand)
 l - a +6 ring of dexterity (right hand)
 m - an amulet of faith
Scrolls
 d - 2 scrolls of teleportation {unknown}
 e - a scroll of amnesia {unknown}
 g - a scroll of brand weapon {unknown}
 i - 2 scrolls of identify {unknown}
 k - a scroll of silence {unknown}
 n - 3 scrolls of enchant weapon {unknown}
Potions
 b - a potion of lignification
 f - 2 potions of heal wounds {unknown}
 h - 4 potions of curing {unknown}
 j - a potion of invisibility {unknown}


   Skills:
 + Level 2.0 Fighting
 + Level 2.9 Dodging
 * Level 3.8 Unarmed Combat
 + Level 2.0 Spellcasting


You couldn't memorise any spells.
You knew the following spells:

 Your Spells              Type           Power      Damage    Failure   Level
a - Beastly Appendage     Tmut           22%        N/A       5%          1
b - Wereblood             Tmut           11%        N/A       9%          2
c - Spider Form           Tmut/Pois      11%        N/A       17%         3
d - Ice Form              Ice/Tmut       11%        N/A       50%         4
e - Foxfire               Conj/Fire      44%        2x1d6     5%          1
Your spell library was empty.

Dungeon Overview and Level Annotations

Branches:
Dungeon (4/15)
 Temple: D:4-7

Altars:

Shops:
D:3 =


Innate Abilities, Weirdness & Mutations

You are immune to sickness and miasma.
You are immune to poison.
Your flesh is very heat resistant. (rF++)
You are vulnerable to cold. (rC-)
You float through the air rather than walking.
You learn spells naturally, not from books.
Your magical power is your life essence.
You have superior vitality. (+4 MHP)


Message History

You bite the gnoll!
You kill the gnoll!
The gnoll shouts!
You bite the gnoll!
The gnoll is poisoned.
The gnoll is heavily wounded.
The gnoll completely misses you.
You hit the gnoll.
The gnoll looks as sick as possible!
The gnoll is severely wounded.
The gnoll hits you with a +0 whip.
You hit the gnoll.
The gnoll looks as sick as possible!
The gnoll is almost dead.
The gnoll hits you with a +0 whip.
You hit the gnoll.
You kill the gnoll!
Your Fighting skill increases to level 2!
Your Spellcasting skill increases to level 2!
The gnoll misses you.
Items here: )) ††.
You hit the gnoll.
The gnoll is moderately wounded.
The gnoll completely misses you.
You hit the gnoll but do no damage.
The gnoll is moderately wounded.
The gnoll completely misses you.
You hit the gnoll.
The gnoll is severely wounded.
Your transformation has ended.
Your +0 robe unmelds from your body.
The gnoll hits you with a +0 halberd!
You barely miss the gnoll.
The gnoll is severely wounded.
The gnoll hits you with a +0 halberd!
* * * LOW HITPOINT WARNING * * *
You hit the gnoll.
The gnoll is severely wounded.
The gnoll closely misses you.
Unknown command.
The gnoll barely misses you.
There is a stone staircase leading up here.
The gnoll hits you from afar with a +0 halberd!
You die...

####### .g.g..#
..###.#########
#.# #.....)...#
..# #########.#
### ####.####
#....g.@#
#.#...#.#
#..#.#..# .
#..#.#..# ...
#..#.#..# .g.g.
#. )..#.# .....
#. .....# .....
##.#### ....#
#.


You could see a gnoll.

Vanquished Creatures
  2 gnolls (D:4)
  An adder (D:2)
  A worm (D:2)
  2 endoplasms (D:3)
  A giant cockroach (D:3)
  4 goblins
  6 hobgoblins
  4 kobolds
  3 quokkas
  3 ball pythons
  6 bats
  2 frilled lizards
  2 rats
37 creatures vanquished.

Vanquished Creatures (others)
  A fungus (D:4)
  3 plants (D:4)
4 creatures vanquished.

Grand Total: 41 creatures vanquished

Notes
Turn   | Place    | Note
-------+----------+-------------------------------------------
     0 | D:1      | holysushi the Djinni Transmuter began the quest for the
                  | Orb.
     0 | D:1      | Reached XP level 1. HP: 17/17 MP: 0/0
    42 | D:1      | You are sucked into a shaft and drop 1 floor!
    73 | D:2      | Reached XP level 2. HP: 13/22 MP: 0/0
   646 | D:2      | Reached XP level 3. HP: 14/27 MP: 0/0
   646 | D:2      | Learned a level 1 spell: Foxfire
  1606 | D:3      | Found Kurhubu Qypt's Jewellery Boutique.
  2310 | D:3      | Reached XP level 4. HP: 27/33 MP: 0/0
  2516 | D:4      | Mangled by a gnoll

Illustrated notes

Levels and vault maps discovered:
D:1:      ncdulo_lavacross, layout_loops_ring, ebering_ecumenical_altar_rust
D:2:      layout_basic, minmay_3d_cube
D:3:      layout_rooms, serial_shops, nicolae_diamond_shop,
          amcnicky_mini_corridor_feature
D:4:      layout_loops_cross, grunt_temple_overflow_forces_of_nature,
          zin_academy, minmay_misc_feat_chi

Skill      XL: |  1  2  3  4 |
---------------+-------------+-----
Fighting       | 2 |  2.0
Spellcasting   | 2 |  2.0
Dodging        | |  2.9
Unarmed Combat | |  3.8

Action                   |  1- 3 |  4- 6 || total
-------------------------+-------+-------++-------
Melee: Unarmed           |   124 |    13 ||   137
       Headbutt          |    10 |       ||    10
       Punch             |     2 |       ||     2
 Cast: Beastly Appendage |    24 |     1 ||    25
       Spider Form       |       |     1 ||     1
Armor: Robe              |    13 |       ||    13
Dodge: Dodged            |    91 |     8 ||    99

Table legend: (Time is in decaauts)
 A = Elapsed time spent in this place.
 B = Non-inter-level travel time spent in this place.
 C = Inter-level travel time spent in this place.
 D = Time resting spent in this place.
 E = Time spent auto-exploring this place.
 F = Levels seen in this place.
 G = Mean time per level.
                   A        B        C        D        E       F      G
               +--------+--------+--------+--------+--------+-----+--------+
         Total |   2503 |   2461 |     42 |   1187 |    768 |   4 |  625.8 |
       Dungeon |   2503 |   2461 |     42 |   1187 |    768 |   4 |  625.8 |
               +--------+--------+--------+--------+--------+-----+--------+

Top non-repeatable levels by time:
     D:2: 1234 daAuts
     D:3: 1118 daAuts
     D:4: 109 daAuts
     D:1: 41 daAuts
